 Dungeon Crawl Stone Soup version 0.18-a0-1267-gff090c1 (webtiles) character file.

142 Banto the Cudgeler (level 5, -16/38 HPs)
             Began as a Human Skald on Feb 7, 2016.
             Demolished by an ogre
             ... wielding a +0 giant club
              (32 damage)
             ... on level 4 of the Dungeon.
             The game lasted 00:04:06 (3259 turns).

Banto the Cudgeler (Human Skald)                    Turns: 3259, Time: 00:04:06

Health: -16/38     AC:  5    Str: 16    XL:     5   Next: 49%
Magic:  8/8        EV: 12    Int: 17    God:
Gold:   102        SH:  0    Dex: 14    Spells: 4 memorised, 0 levels left

rFire  . . .     SeeInvis .     v - +1 whip (freeze)
rCold  . . .     Gourm    +     l - +0 ring mail
rNeg   . . .     Faith    .     (no shield)
rPois  .         Spirit   .     (no helmet)
rElec  .         Dismiss  .     (no cloak)
rCorr  .         Reflect  .     (no gloves)
SustAt .         Harm     .     (no boots)
MR     .....                    s - amulet of the gourmand
Stlth  ..........               r - +5 ring of intelligence
                                m - +4 ring of strength

@: confused, very slightly contaminated, not resistant to hostile enchantments,
extremely unstealthy
A: no striking features
a: no special abilities


You were on level 4 of the Dungeon.
You were not hungry.

You visited 1 branch of the dungeon, and saw 4 of its levels.

You collected 102 gold pieces.

Inventory:

Hand Weapons
 a - a +0 mace
 v - a +1 whip of freezing (weapon)
Armour
 l - a +0 ring mail (worn)
Jewellery
 m - a +4 ring of strength (left hand)
 n - an uncursed ring of fire
 r - a +5 ring of intelligence (right hand)
 s - an amulet of the gourmand (around neck)
 u - an uncursed ring of poison resistance
Scrolls
 f - 2 scrolls of recharging
 o - 2 scrolls of remove curse
 q - a scroll of magic mapping
Potions
 b - a potion of brilliance {unknown}
 e - a potion of mutation {unknown}
 g - a potion of resistance
 h - 2 potions of curing
 i - a potion of heal wounds {unknown}
 j - a potion of ambrosia
 k - a potion of flight {unknown}
 w - a potion of haste {unknown}
Books
 c - a book of Battle

   Spells                             Type                      Level
   a - Infusion                       Charms                       1
   b - Shroud of Golubria             Charms/Translocation         2
   c - Song of Slaying                Charms                       2
   d - Spectral Weapon                Hexes/Charms                 3
   e - Regeneration                   Charms/Necromancy            3
Comestibles
 d - 3 bread rations
 p - 3 meat rations
 t - a beef jerky


   Skills:
 - Level 2.0 Fighting
 + Level 3.9 Maces & Flails
 - Level 1.0 Armour
 - Level 3.0 Dodging
 - Level 2.0 Spellcasting
 + Level 1.5 Hexes
 - Level 3.0 Charms


You couldn't memorise any spells.
You knew the following spells:

 Your Spells              Type           Power        Failure   Level  Hunger
a - Infusion              Chrm           ##..         12%         1    #......
b - Song of Slaying       Chrm           ##......     17%         2    ###....
c - Spectral Weapon       Hex/Chrm       #.......     50%         3    ###....
d - Shroud of Golubria    Chrm/Tloc      #.........   30%         2    ###....


Dungeon Overview and Level Annotations

Branches:
Dungeon (4/15)
 Temple: D:4-7

Altars:
Ashenzari
Sif Muna

Annotations:
D:4 Dowan, Duvessa


Message History

You feel invigorated. The ogre hits you with a giant club!
* * * LOW HITPOINT WARNING * * *
You hit the ogre. You freeze the ogre.
The ogre is lightly wounded.
The ogre barely misses you.
You hit the ogre. You freeze the ogre.
The ogre is moderately wounded.
The ogre closely misses you.
You hit the ogre. You freeze the ogre.
The ogre is heavily wounded.
You hit the ogre. You freeze the ogre.
The ogre is heavily wounded.
The ogre hits you with a giant club!!
Ouch! That really hurt!
* * * LOW HITPOINT WARNING * * *
You closely miss the ogre.
The ogre is heavily wounded.
The ogre hits you with a giant club!!
Ouch! That really hurt!
You die...

8# .#
###########.#
##........@..#
......)...O.##
########.<..#
#..##..##
#8..#..##
+._.....#
#8..#...#
#..##...#
####....#


You could see an ogre.

Vanquished Creatures
  A giant frog zombie (D:3)
  4 adders
  An ooze (D:3)
  4 giant geckos
  An orc (D:3)
  6 giant cockroaches
  7 goblins
  10 hobgoblins
  A quokka (D:3)
  A ball python (D:2)
  9 bats
  4 giant newts
  9 kobolds
  6 rats
64 creatures vanquished.

Notes
Turn   | Place    | Note
--------------------------------------------------------------
     0 | D:1      | Banto the Human Skald began the quest for the Orb.
     0 | D:1      | Reached XP level 1. HP: 16/16 MP: 3/3
    98 | D:1      | Reached XP level 2. HP: 22/22 MP: 5/5
   596 | D:1      | Reached XP level 3. HP: 27/27 MP: 2/6
  1020 | D:2      | Learned a level 2 spell: Song of Slaying
  1024 | D:2      | Learned a level 3 spell: Spectral Weapon
  1370 | D:2      | Found a shattered altar of Ashenzari.
  1621 | D:2      | Reached XP level 4. HP: 22/33 MP: 3/7
  2645 | D:3      | Reached skill level 1 in Hexes
  2645 | D:3      | Reached XP level 5. HP: 21/38 MP: 8/8
  2853 | D:4      | Noticed Duvessa
  2853 | D:4      | Noticed Dowan
  2944 | D:4      | Found a deep blue altar of Sif Muna.
  2944 | D:4      | Noticed an ogre
  3246 | D:3      | Learned a level 2 spell: Shroud of Golubria
  3259 | D:4      | Demolished by an ogre

Vault maps used:
D:1:      dpeg_arrival_round_b, minmay_misc_feat_alley, roderic_lattice_a
D:2:      evilmike_ruin_ashenzari
D:4:      wad_river_or_something, led_sif_book, minmay_temple_entry_hall,
          uniq_duvessa, uniq_edmund, uniq_natasha

Action                   |  1- 3 |  4- 6 || total
-------------------------+-------+-------++-------
Melee: Mace              |   114 |    74 ||   188
       Whip              |       |    39 ||    39
 Cast: Infusion          |     5 |     1 ||     6
       Song of Slaying   |       |     1 ||     1
       Spectral Weapon   |       |     1 ||     1
  Use: Scroll            |     6 |     4 ||    10
       Potion            |       |     1 ||     1
 Stab: Distracted        |     1 |       ||     1
  Eat: Chunk             |     2 |    12 ||    14
